 Dungeon Crawl Stone Soup version 0.28-a0-1594-ga885d4b3d6 (webtiles) character file.

Game seed: 4087211364736708924

495 fragbeetle the Slasher (level 6, -8/52 HPs)
             Began as a Palentonga Abyssal Knight on Jan 20, 2022.
             Was a Priest of Lugonu.
             Mangled by an ogre (11 damage)
             ... on level 6 of the Dungeon.
             The game lasted 00:09:50 (5843 turns).

fragbeetle the Slasher (Palentonga Abyssal Knight)  Turns: 5843, Time: 00:09:51

Health: -8/52      AC:  8    Str: 18    XL:     6   Next: 92%
Magic:  18/18      EV:  7    Int: 16    God:    Lugonu [***...]
Gold:   306        SH:  0    Dex: 11    Spells: 3/5 levels left

rFire   . . .      SeeInvis +   D - +3 long sword (vorpal)
rCold   . . .      Faith    .   (no shield)
rNeg    . . .      Spirit   .   k - +0 scale mail
rPois   .          Reflect  .   H - +0 helmet
rElec   .          Harm     .   (no cloak)
rCorr   .          Rampage  .   I - +0 pair of gloves
Will    .....                   (no barding)
Stlth   ..........              z - amulet of magic regeneration
HPRegen 0.17/turn               m - +6 ring of intelligence
MPRegen 0.56/turn               r - ring of magical power

@: no status effects
A: large, rugged brown scales 3, see invisible, deformed body, roll 1, armoured
tail
a: Rolling Charge, Renounce Religion, Depart the Abyss, Bend Space, Banish


You were on level 6 of the Dungeon.
You worshipped Lugonu.
Lugonu was most pleased with you.
You visited 2 branches of the dungeon, and saw 7 of its levels.
You visited the Abyss 1 time.

You collected 306 gold pieces.

Inventory:

Hand Weapons
 a - a +1 falchion
 D - a +3 vorpal long sword (weapon)
Missiles
 c - 5 poisoned darts
 i - 101 stones
 t - 5 curare-tipped darts
 u - a boomerang
Armour
 k - a +0 scale mail (worn)
 w - a +0 leather armour of cold resistance
 C - a +0 ring mail
 E - a +0 kite shield
 H - a +0 helmet (worn)
 I - a +0 pair of gloves (worn)
 L - an orb of guile
Jewellery
 m - a +6 ring of intelligence (left hand)
 r - a ring of magical power (right hand)
 z - an amulet of magic regeneration (around neck)
Scrolls
 b - a scroll of fear {unknown}
 d - 2 scrolls of vulnerability {unknown}
 e - 2 scrolls of summoning {unknown}
 f - 5 scrolls of identify {unknown}
 g - a scroll of noise {unknown}
 n - 2 scrolls of teleportation {unknown}
 o - a scroll of amnesia {unknown}
 p - a scroll of enchant armour {unknown}
 y - a scroll of silence {unknown}
 F - a scroll of fog {unknown}
 J - a scroll of torment {unknown}
Potions
 h - 2 potions of curing {unknown}
 j - a potion of magic {unknown}
 l - a potion of cancellation {unknown}
 q - a potion of flight {unknown}
 s - 2 potions of ambrosia {unknown}
 v - 2 potions of lignification {unknown}
 x - a potion of might {unknown}
 A - 3 potions of brilliance {unknown}
 B - a potion of berserk rage {unknown}
 G - a potion of degeneration {unknown}
 K - 2 potions of heal wounds {unknown}


   Skills:
 + Level 4.6 Fighting
 * Level 5.3 Long Blades
 - Level 1.7 Armour
 - Level 1.0 Dodging
 + Level 4.3 Invocations


You had 3 spell levels left.
You knew the following spells:

 Your Spells              Type           Power      Damage    Failure   Level
a - Searing Ray           Conj           0%         2d4       77%         2

Your spell library contained the following spells:

 Spells                   Type           Power      Damage    Failure   Level
 Magic Dart               Conj           0%         1d3       63%         1
 Fulminant Prism          Conj/Hex       0%         3d6       100%        4


Dungeon Overview and Level Annotations

Branches:
Dungeon (6/15)             Temple (1/1) D:5

Altars:
Ashenzari
Cheibriados
Fedhas
Gozag
Hepliaklqana
Kikubaaqudgha
Makhleb
Nemelex Xobeh
Okawaru
Qazlal
Ru
Sif Muna
Uskayaw
Wu Jian
Yredelemnul
Zin
The Shining One

Annotations:
D:2 1 runed translucent door, Crazy Yiuf


Innate Abilities, Weirdness & Mutations

You are completely covered in rugged brown scales. (AC +3, +7% HP)
You have supernaturally acute eyesight. (SInv)
Armour fits poorly on your strangely shaped body.
You can roll at nearby foes to attack.
You have a long armoured tail.


Message History

You destroy the wyvern zombie!
Lugonu accepts your kill.
You start resting.
An ogre comes into view. It is wielding a +0 giant club.
There is a stone staircase leading up here.
You climb upwards.
There is a stone staircase leading down here.
Unknown command.
You can't go up here!
You start resting.
HP restored.
Okay, then.
You climb downwards.
The ogre barely misses you. x2
There is a stone staircase leading up here.
You barely miss the ogre. You slash the ogre!
The ogre is heavily wounded.
The ogre hits you with a +0 giant club!
You closely miss the ogre.
You tail-slap the ogre, but do no damage.
The ogre is heavily wounded.
The ogre closely misses you.
You slash the ogre!
The ogre is almost dead.
The ogre hits you with a +0 giant club!
You hit the ogre.
The ogre is almost dead.
The ogre hits you with a +0 giant club!
* * * LOW HITPOINT WARNING * * *
You barely miss the ogre.
The ogre is almost dead.
The ogre hits you with a +0 giant club!
* * * LOW HITPOINT WARNING * * *
You barely miss the ogre.
The ogre is almost dead.
The ogre barely misses you.
You barely miss the ogre.
The ogre is almost dead.
The ogre hits you with a +0 giant club!
You die...

###.## .......
#...............
##.....#.........
...###.<.......).
................#
.......(.........
..###..).........
.......))........
####...@......../
#.#..O####...#
#....### .. #
#..#. ......
.###... #.## #.


You could see an ogre.

Vanquished Creatures
  A water moccasin (D:5)
  A wyvern zombie (D:6)
  A centaur zombie (D:5)
  A gnoll shaman (D:5)
  Terence (D:2)
  An iguana (D:4)
  Natasha (twice) (D:2)
  2 adders (D:3)
  4 gnolls
  A worm (D:2)
  3 dart slugs
  9 orcs
  2 endoplasms
  2 giant cockroaches
  15 goblins
  3 hobgoblins
  3 jackals (D:3)
  3 kobolds
  3 quokkas
  9 ball pythons
  3 bats (D:1)
  9 frilled lizards
  25 rats
104 creatures vanquished.

Vanquished Creatures (others)
  Natasha (D:2)
  2 fungi (D:2)
3 creatures vanquished.

Grand Total: 107 creatures vanquished

Notes
Turn   | Place    | Note
-------+----------+-------------------------------------------
     0 | Abyss:1  | fragbeetle the Palentonga Abyssal Knight began the quest
                  | for the Orb.
     0 | Abyss:1  | Reached XP level 1. HP: 19/19 MP: 2/2
     8 | D:1      | Escaped the Abyss
   320 | D:1      | Reached skill level 1 in Dodging
   458 | D:1      | Reached XP level 2. HP: 25/25 MP: 3/3
   966 | D:2      | Found a sacrificial altar of Ru.
  1056 | D:2      | Reached ** piety under Lugonu
  1073 | D:2      | Reached XP level 3. HP: 21/31 MP: 4/4
  1290 | D:2      | Noticed Terence
  1296 | D:2      | Killed Terence
  1297 | D:2      | Reached skill level 3 in Long Blades
  1376 | D:2      | Reached XP level 4. HP: 34/37 MP: 6/6
  1647 | D:2      | Found a runed translucent door.
  1648 | D:2      | Noticed Crazy Yiuf
  1664 | D:2      | Noticed Natasha
  1672 | D:2      | Killed Natasha
  1925 | D:2      | Noticed Natasha
  1932 | D:2      | Killed Natasha
  2051 | D:2      | Noticed Natasha
  2060 | D:2      | Killed Natasha
  2061 | D:2      | Reached XP level 5. HP: 26/44 MP: 7/7
  2699 | D:3      | Reached *** piety under Lugonu
  2838 | D:3      | Reached skill level 4 in Long Blades
  3186 | D:3      | Found a faded altar of an unknown god.
  3578 | D:4      | Found an ornate altar of the Wu Jian Council.
  3681 | D:4      | Found a large runed translucent door.
  3682 | D:4      | Found a large runed translucent door.
  3959 | D:4      | Found a glowing golden altar of the Shining One.
  4087 | D:4      | Found a hide-covered altar of Uskayaw.
  4097 | D:4      | Found an ancient bone altar of Kikubaaqudgha.
  4169 | D:5      | Entered Level 5 of the Dungeon
  4202 | D:5      | Identified the +1 robe "Haucet" {rElec rCorr Str-5}
  4352 | D:5      | Found a staircase to the Ecumenical Temple.
  4364 | Temple   | Entered the Ecumenical Temple
  4608 | Temple   | Learned a level 2 spell: Searing Ray
  4683 | D:5      | Noticed a water moccasin
  4691 | D:5      | Killed a water moccasin
  4692 | D:5      | Reached XP level 6. HP: 25/51 MP: 8/8
  5625 | D:6      | Reached skill level 5 in Long Blades
  5841 | D:6      | HP: 2/52 [ogre (10)]
  5843 | D:6      | Mangled by an ogre

Illustrated notes

Levels and vault maps discovered:
D:1:      dpeg_arrival_renting, layout_basic
D:2:      cheibrodos_greedy_goblins, layout_basic, basic_altar, minmay_rat_hole,
          uniq_terence, uniq_crazy_yiuf_cottage, uniq_natasha
D:3:      layout_basic, serial_glass, glass_columns_b, glass_columns_b,
          glass_columns_c, glass_columns_a, glass_columns_a,
          basic_ecumenical_altar, grunt_decor_cap,
          minmay_misc_feat_secret_circle
D:4:      layout_cave_pools, nicolae_tso_carved_into_rock,
          jmf_multi_god_temple2, mainiacjoe_overflow_small_starburst
D:5:      layout_basic, temple_fountains, roderic_serpentine_path
D:6:      layout_rooms
Temple:   nicolae_temple_figure_eight

Skill      XL: |  1  2  3  4  5  6 |
---------------+-------------------+-----
Dodging        | 1 |  1.0
Long Blades    | 3 4 5 |  5.3
Invocations    | 3 4 |  4.3
Fighting       | 4 |  4.6
Armour         | |  1.7

Action                   |  1- 3 |  4- 6 || total
-------------------------+-------+-------++-------
Melee: Falchion          |   100 |   140 ||   240
       Tailslap          |     7 |    20 ||    27
       Punch             |       |     1 ||     1
       Long sword        |       |    44 ||    44
Throw: Dart              |       |     9 ||     9
       Boomerang         |       |     1 ||     1
 Abil: Rolling Charge    |    11 |     2 ||    13
Armor: Leather armour    |    35 |       ||    35
       Scale mail        |     3 |    81 ||    84
Dodge: Dodged            |    34 |    64 ||    98

Table legend: (Time is in decaauts)
 A = Elapsed time spent in this place.
 B = Non-inter-level travel time spent in this place.
 C = Inter-level travel time spent in this place.
 D = Time resting spent in this place.
 E = Time spent auto-exploring this place.
 F = Levels seen in this place.
 G = Mean time per level.
                   A        B        C        D        E       F      G
               +--------+--------+--------+--------+--------+-----+--------+
         Total |   5883 |   5669 |    214 |   1009 |   3521 |   8 |  735.4 |
       Dungeon |   5630 |   5416 |    214 |   1009 |   3317 |   6 |  938.3 |
        Temple |    245 |    245 |      0 |      0 |    204 |   1 |  245.0 |
         Abyss |      8 |      8 |      0 |      0 |      0 |   1 |    8.0 |
               +--------+--------+--------+--------+--------+-----+--------+

Top non-repeatable levels by time:
     D:2: 1483 daAuts
     D:5: 1387 daAuts
     D:3: 952 daAuts
     D:1: 914 daAuts
     D:4: 843 daAuts
  Temple: 245 daAuts
     D:6: 48 daAuts
 Abyss:1: 8 daAuts
